 Dungeon Crawl Stone Soup version 0.31-a0-854-g362426d53f (webtiles) character file.

Game seed: 3370706145736607299

215 Dirtsage the Ruffian (level 5, -3/33 HPs)
             Began as an Octopode Shapeshifter on Oct 8, 2023.
             Was an Initiate of Wu Jian.
             Slain by a sky beast (6 damage)
             ... on level 4 of the Dungeon.
             The game lasted 00:03:59 (2424 turns).

Dirtsage the Ruffian (Octopode Shapeshifter)        Turns: 2424, Time: 00:03:59

Health: -3/33      AC:  1    Str: 15    XL:     5   Next: 92%
Magic:  5/5        EV: 13    Int: 12    God:    Wu Jian [......]
Gold:   77         SH:  0    Dex: 12    Spells: 4/4 levels left

rFire   . .          .
                       - Unarmed
rCold   . . .        (no shield)
rNeg    + . .        (helmet currently unavailable)
rPois   .            (no amulet)
rElec   .            N - ring of positive energy
rCorr   .            (no ring)
SInv    .            (no ring)
Will    .....        (no ring)
Stlth   ++           (no ring)
HPRegen 0.25/turn    (no ring)
MPRegen 0.09/turn    (no ring)
                     (no ring)

%: no passive effects
@: beast-form, studying Long Blades
A: beast (slay +1), almost no armour, amphibious, 8 rings, camouflage 1,
gelatinous body 1, (nimble swimmer 1), tentacles
a: Begin Untransformation, Renounce Religion


You were on level 4 of the Dungeon.
You worshipped Wu Jian.
Wu Jian was noncommittal.
You were a hulking beast.
You visited 2 branches of the dungeon, and saw 6 of its levels.

You collected 232 gold pieces.
You spent 155 gold pieces at shops.

Inventory:

Jewellery
 N - a ring of positive energy (left tentacle)
Talismans
 b - a beast talisman (active)
 c - a flux talisman
Scrolls
 d - a scroll of summoning {unknown}
 e - a scroll of vulnerability {unknown}
 g - 2 scrolls of immolation {unknown}
 h - 2 scrolls of teleportation {unknown}
 i - 8 scrolls of identify
 k - a scroll of enchant armour {unknown}
Potions
 a - 2 potions of lignification
 f - a potion of haste {unknown}
 j - 2 potions of mutation {unknown}
 l - a potion of heal wounds
 m - 3 potions of curing {unknown}


   Skills:
 - Level 1.0 Fighting
 - Level 2.0 Dodging
 + Level 6.4 Unarmed Combat
 - Level 3.0 Shapeshifting


You had 4 spell levels left.
You didn't know any spells.
Your spell library contained the following spells:

 Spells                   Type           Power      Damage    Failure   Level
 Sublimation of Blood     Necr           0%         N/A       45%         2
 Wereblood                Tmut           0%         N/A       45%         2
 Petrify                  Tmut/Erth      0%         N/A       97%         4
 Irradiate                Conj/Tmut      0%         3d11      100%        5
 Summon Hydra             Summ           0%         N/A       100%        7


Dungeon Overview and Level Annotations

Branches:
Dungeon (5/15)             Temple (1/1) D:4

Altars:
Gozag
Hepliaklqana
Kikubaaqudgha
Nemelex Xobeh
Ru
Uskayaw
Vehumet
Wu Jian
Xom

Shops:
D:5 (?**

Annotations:
Temple 2 transporters


Innate Abilities, Weirdness & Mutations

You are a hulking beast.
Your limbs bulge with bestial killing power. (Slay +1)
You cannot wear most types of armour.
You are amphibious.
You can wear up to eight rings at the same time.
Your skin changes colour to match your surroundings (Stealth+).
Your rubbery body absorbs attacks. (AC +1, EV +1)
((You are camouflaged when in or above water. (Stealth+)))
You have tentacles for arms and can constrict up to eight enemies at once.


Message History

You enter the transporter and appear at another place.
There is an ornate altar of the Wu Jian Council here.
You curl up in front of the altar of Wu Jian.
The Council welcomes you!
You can now perform damaging attacks by moving towards foes.
Sorry, I don't know how to get there.
There is a transporter here.
You enter the transporter and appear at another place.
There is a staircase back to the Dungeon here.
You climb upwards.
Welcome back to the Dungeon!
There is a staircase to the Ecumenical Temple here.
You open the door.
There is a staircase to the Ecumenical Temple here.
You open the door.
There is an open door here.
A sky beast comes into view.
You see here a potion of lignification.
You bludgeon the sky beast! Your squeeze misses the sky beast.
The sky beast is moderately wounded.
The sky beast hits you. The sky beast shocks you.
You take 8 damage, and have 25/33 hp.
MASSIVE DAMAGE!!
You miss the sky beast.
The sky beast is moderately wounded.
The sky beast barely misses you.
You tentacle-slap the sky beast. Your squeeze misses the sky beast.
The sky beast is heavily wounded.
The sky beast hits you. The sky beast shocks you.
You take 9 damage, and have 16/33 hp.
MASSIVE DAMAGE!!
You miss the sky beast.
The sky beast is heavily wounded.
The sky beast flickers out of sight!
Deactivating autopickup; reactivate with Ctrl-A.
Something hits you. Something shocks you.
* * * LOW HITPOINT WARNING * * *
You take 9 damage, and have 7/33 hp.
MASSIVE DAMAGE!!
You bludgeon something! You miss something.
Your tentacle-slap misses something.
Something hits you.
* * * LOW HITPOINT WARNING * * *
Something shocks you.
You die...

.# #.#....... ..
........... #.
#.#........ #.
#.#........ #####.
#.#........
#....!####.#........
##.......$..#........
......{h....!........
###........##........
.....................
##.#'#+######........
# #.#...............
#.####.#.#######.#
.........# #.#
..####.#..# ###.###
.........## #######


There were no monsters in sight!

Vanquished Creatures
  A bullfrog (D:5)
  Natasha (D:4)
  5 adders
  An ufetubus (D:5)
  A worm (D:2)
  2 dart slugs (D:1)
  6 ball pythons
  3 bats
  7 endoplasms
  2 giant cockroaches (D:1)
  7 goblins
  7 hobgoblins
  7 jackals
  2 kobolds
  3 quokkas
  3 frilled lizards
  5 rats
63 creatures vanquished.

Notes
Turn   | Place    | Note
-------+----------+-------------------------------------------
     0 | D:1      | Dirtsage the Octopode Shapeshifter began the quest for the
                  | Orb.
     0 | D:1      | Reached XP level 1. HP: 13/13 MP: 1/1
   103 | D:1      | Reached XP level 2. HP: 18/18 MP: 2/2
   277 | D:1      | Reached skill level 4 in Unarmed Combat
   355 | D:1      | Reached XP level 3. HP: 18/23 MP: 3/3
  1038 | D:2      | Reached XP level 4. HP: 27/28 MP: 4/4
  1386 | D:2      | Reached skill level 5 in Unarmed Combat
  1753 | D:3      | You fall into a shaft and drop 2 floors!
  1753 | D:5      | Entered Level 5 of the Dungeon
  1759 | D:5      | Noticed a black bear
  1860 | D:5      | Found Vamm's Assorted Antiques.
  1860 | D:5      | Found Axkysixi's Magic Scroll Boutique.
  1861 | D:5      | Found Xeble's General Store.
  1861 | D:5      | Found Ugien's Weapon Boutique.
  1869 | D:5      | Bought a potion of heal wounds for 75 gold pieces
  1875 | D:5      | Bought a scroll of identify for 20 gold pieces
  1875 | D:5      | Bought a scroll of identify for 20 gold pieces
  1875 | D:5      | Bought a scroll of identify for 20 gold pieces
  1875 | D:5      | Bought a scroll of identify for 20 gold pieces
  1914 | D:5      | Noticed a bullfrog
  1918 | D:5      | Reached XP level 5. HP: 33/33 MP: 5/5
  1922 | D:5      | Reached skill level 6 in Unarmed Combat
  2140 | D:4      | Noticed Natasha
  2151 | D:4      | Killed Natasha
  2327 | D:4      | Found a staircase to the Ecumenical Temple.
  2336 | Temple   | Found a transporter.
  2336 | Temple   | Found a transporter.
  2336 | Temple   | Found a transporter.
  2336 | Temple   | Found a transporter.
  2336 | Temple   | Entered the Ecumenical Temple
  2361 | Temple   | Became a worshipper of the Wu Jian Council
  2413 | D:4      | Noticed a sky beast
  2424 | D:4      | Slain by a sky beast

Illustrated notes

Levels and vault maps discovered:
D:1:      lightli_arrival_isolated_outpost, layout_loops_ring, minmay_unequal
D:2:      layout_basic
D:3:      layout_loops_cross, kennysheep_generic_room_11
D:4:      layout_basic, temple_doors_e, uniq_natasha
D:5:      minmay_goblin_kobold_castle, layout_cave_pods, slow_altar_1,
          mainiacjoe_overflow_alcove_2, chequers_serial_rivers_micro_d,
          st_stairs_7, minmay_shop_grid_forest
Temple:   hellmonk_temple_divided_pantheon

Skill      XL: |  1  2  3  4  5 |
---------------+----------------+-----
Unarmed Combat | 4 5 6 |  6.4
Fighting       | |  1.0
Dodging        | |  2.0
Shapeshifting  | |  3.0

Action                     |  1- 3 |  4- 6 || total
---------------------------+-------+-------++-------
  Melee: Unarmed           |    56 |    67 ||   123
         Constrict         |    16 |    12 ||    28
         Tentacles         |     7 |    10 ||    17
         Punch             |     2 |     1 ||     3
   Stab: Sleeping          |    11 |     2 ||    13
 Armour: Skin              |     9 |    32 ||    41
  Dodge: Dodged            |    30 |    32 ||    62

Table legend: (Time is in decaauts)
 A = Elapsed time spent in this place.
 B = Non-inter-level travel time spent in this place.
 C = Inter-level travel time spent in this place.
 D = Time resting spent in this place.
 E = Time spent auto-exploring this place.
 F = Levels seen in this place.
 G = Mean time per level.
                   A        B        C        D        E       F      G
               +--------+--------+--------+--------+--------+-----+--------+
         Total |   2411 |   2367 |     44 |      0 |   1882 |   6 |  401.8 |
       Dungeon |   2362 |   2318 |     44 |      0 |   1882 |   5 |  472.4 |
        Temple |     48 |     48 |      0 |      0 |      0 |   1 |   48.0 |
               +--------+--------+--------+--------+--------+-----+--------+

Top non-repeatable levels by time:
     D:1: 803 daAuts
     D:2: 664 daAuts
     D:4: 329 daAuts
     D:5: 290 daAuts
     D:3: 274 daAuts
  Temple: 48 daAuts
